 Dungeon Crawl Stone Soup version 0.31-a0-369-g8eba5f6939 (webtiles) character file.

Game seed: 4736719869810492096

93 HoaS the Ruffian (level 4, 0/36 HPs)
             Began as a Ghoul Gladiator on July 28, 2023.
             Slain by a goblin
             ... wielding a +0 dagger
              (1 damage)
             ... on level 4 of the Dungeon.
             The game lasted 00:07:12 (1813 turns).

HoaS the Ruffian (Ghoul Gladiator)                  Turns: 1813, Time: 00:07:12

Health: 0/36       AC:  7    Str: 19    XL:     4   Next: 61%
Magic:  3/3        EV: 10    Int:  5    God:
Gold:   183        SH:  0    Dex: 12    Spells: 3/3 levels left

rFire   . .          .
                       - Unarmed
rCold   + . .        (no shield)
rNeg    + + +        e - +0 scale mail of Jyaghybb {Rampage}
rPois   ∞            b - +0 helmet
rElec   .            (no cloak)
rCorr   .            (no gloves)
SInv    .            (no boots)
Will    .....        j - amulet "Liuchi" {+Blink Regen+ Int+2 Dex+2} Stlth
                     g - ring of flight
HPRegen 0.00/turn    (no ring)
MPRegen 0.08/turn

%: rampage
@: flying, inhibited regen
A: claws 1, cold resistance 1, negative energy resistance 3, inhibited
regeneration, torment resistance 2, devour on kill
a: Evoke Blink


You were on level 4 of the Dungeon.
You visited 1 branch of the dungeon, and saw 4 of its levels.

You collected 183 gold pieces.

Inventory:

Missiles
 c - 3 throwing nets (quivered)
Armour
 b - a +0 helmet (worn)
 e - the +0 scale mail of Jyaghybb (worn) {Rampage}
   (You found it on level 2 of the Dungeon)

   Rampage:   It bestows one free step when moving towards enemies.
Jewellery
 g - a ring of flight (left claw)
 j - the amulet "Liuchi" (around neck) {+Blink Regen+ Int+2 Dex+2}
   (You acquired it on level 3 of the Dungeon)

   [amulet of regeneration]

   Int:       It affects your intelligence (+2).
   Dex:       It affects your dexterity (+2).
   +Blink:    It lets you blink.
   Regen:     It increases your rate of health regeneration.
Scrolls
 f - 2 scrolls of vulnerability
 l - a scroll of identify {unknown}
Potions
 a - a potion of brilliance {unknown}
 h - 3 potions of attraction {unknown}
 i - a potion of lignification {unknown}
 k - a potion of heal wounds {unknown}
 m - 3 potions of mutation {unknown}


   Skills:
 - Level 2.1 Fighting
 - Level 1.7 Throwing
 - Level 2.6 Dodging
 + Level 5.7 Unarmed Combat


You had 3 spell levels left.
You didn't know any spells.
Your spell library contained the following spells:

 Spells                   Type           Power      Damage    Failure   Level
 Magic Dart               Conj           0%         1d3       86%         1
 Call Imp                 Summ           0%         N/A       95%         2
 Gell's Gravitas          Tloc           0%         N/A       99%         3
 Mephitic Cloud           Conj/Pois/Air  0%         N/A       99%         3
 Teleport Other           Tloc           0%         N/A       99%         3
 Dispersal                Tloc           0%         N/A       100%        6


Dungeon Overview and Level Annotations

Branches:
Dungeon (4/15)
 Temple: D:4-7

Altars:

Shops:
D:2 =

Annotations:
D:3 Sigmund


Innate Abilities, Weirdness & Mutations

You are immune to poison.
You have sharp fingernails.
Your flesh is cold resistant. (rC+)
You are immune to negative energy. (rN+++)
You do not regenerate when monsters are visible.
You are immune to unholy pain and torment.
You thrive by killing the living.


Message History

You miss something.
A magic dart appears from out of thin air!
The magic dart hits you!
You hear some strange, mumbled words.
Something tries to affect you, but you resist.
You bump into the rock wall.
You bump into the rock wall.
You feel less confused. Something hits you.
* * * LOW HITPOINT WARNING * * *
Something hits you but does no damage. The goblin attacks as you move away!
The goblin barely misses you. The goblin attacks as you move away!
The goblin barely misses you.
Sigmund points at you and mumbles some strange words.
You are confused.
The goblin attacks as you move away! The goblin hits you but does no damage.
The goblin attacks as you move away! The goblin closely misses you.
Sigmund casts a spell.
Sigmund flickers and vanishes!
The goblin attacks as you move away! The goblin hits you with a +0 dagger.
* * * LOW HITPOINT WARNING * * *
A magic dart appears from out of thin air!
The magic dart hits you but does no damage.
There is a stone staircase leading down here.
The goblin barely misses you.
You fly downwards.
Reactivating autopickup.
You feel less confused. The scorpion barely misses you.
There is a stone staircase leading up here.
You scratch the scorpion but do no damage.
The scorpion stings you.
* * * LOW HITPOINT WARNING * * *
The goblin hits you with a +0 dagger.
* * * LOW HITPOINT WARNING * * *
You scratch the scorpion.
The scorpion is lightly wounded.
The scorpion stings you but does no damage.
The goblin hits you with a +0 dagger.
You die...

... ## ... ....
#####.####..#
#.<......#..#
##.###.....#
##.##...##.....#
#..............#
#..##...##g....#
#. ##.###@s...#
#. #.# ###..## #
#.# ##..## #.#
#....#
#.####...##
#........#
######..## #..#
#..#


You could see a scorpion and a goblin.

Vanquished Creatures
  5 adders (D:2)
  2 worms (D:2)
  A dart slug (D:1)
  An orc (D:3)
  7 endoplasms
  A giant cockroach (D:1)
  4 hobgoblins
  2 kobolds
  2 quokkas
  5 ball pythons
  4 frilled lizards
  8 rats
42 creatures vanquished.

Notes
Turn   | Place    | Note
-------+----------+-------------------------------------------
     0 | D:1      | HoaS the Ghoul Gladiator began the quest for the Orb.
     0 | D:1      | Reached XP level 1. HP: 17/17 MP: 0/0
   220 | D:1      | Reached XP level 2. HP: 24/24 MP: 1/1
   305 | D:1      | Reached skill level 4 in Unarmed Combat
   826 | D:2      | Reached XP level 3. HP: 29/29 MP: 2/2
   969 | D:2      | Reached skill level 5 in Unarmed Combat
  1004 | D:2      | Identified the +0 scale mail of Jyaghybb {Rampage}
  1037 | D:2      | Reached XP level 4. HP: 36/36 MP: 3/3
  1342 | D:2      | Found Woolaed's Jewellery Shop.
  1398 | D:3      | Identified a scroll of acquirement
  1398 | D:3      | Acquired the amulet "Liuchi" {+Blink Regen+ Int+2 Dex+2}
  1456 | D:3      | Noticed Sigmund
  1498 | D:4      | Noticed a scorpion
  1812 | D:4      | HP: 1/36 [goblin/+0 dagger (2)]
  1813 | D:4      | Slain by a goblin

Illustrated notes

Levels and vault maps discovered:
D:1:      wander_arrival_lonely_grave, layout_loops_ring
D:2:      layout_basic, serial_shops, nicolae_shop_gaudy_bauble,
          serial_bayou_lagoon_a, due_unseen_surprise
D:3:      layout_rooms, eino_curves_03, uniq_sigmund
D:4:      layout_loops_ring, cheibriados_altar_1, lemuel_round_altar,
          nrook_uturn, uniq_crazy_yiuf_cottage

Skill      XL: |  1  2  3 |
---------------+----------+-----
Unarmed Combat | 4 5 |  5.7
Fighting       | |  2.1
Throwing       | |  1.7
Dodging        | |  2.6

Action                     |  1- 3 |  4- 6 || total
---------------------------+-------+-------++-------
  Melee: Unarmed           |    82 |    45 ||   127
         Punch             |     1 |       ||     1
  Throw: Javelin           |       |     1 ||     1
    Use: Scroll            |     2 |     1 ||     3
 Armour: Leather armour    |    16 |       ||    16
         Scale mail        |     4 |    15 ||    19
  Dodge: Dodged            |    36 |    18 ||    54

Table legend: (Time is in decaauts)
 A = Elapsed time spent in this place.
 B = Non-inter-level travel time spent in this place.
 C = Inter-level travel time spent in this place.
 D = Time resting spent in this place.
 E = Time spent auto-exploring this place.
 F = Levels seen in this place.
 G = Mean time per level.
                   A        B        C        D        E       F      G
               +--------+--------+--------+--------+--------+-----+--------+
         Total |   1800 |   1755 |     45 |     87 |   1264 |   4 |  450.0 |
       Dungeon |   1800 |   1755 |     45 |     87 |   1264 |   4 |  450.0 |
               +--------+--------+--------+--------+--------+-----+--------+

Top non-repeatable levels by time:
     D:2: 702 daAuts
     D:1: 677 daAuts
     D:3: 395 daAuts
     D:4: 26 daAuts
